 Dungeon Crawl Stone Soup version 0.17.2 (webtiles) character file.

1176 Goblin1989 the Basher (level 8, -15/46 HPs)
             Began as a Gargoyle Fighter on May 31, 2016.
             Demolished by an orc warrior
             ... wielding a +0 glaive
              (19 damage)
             ... on level 6 of the Dungeon.
             The game lasted 00:16:11 (1655 turns).

Goblin1989 the Basher (Gargoyle Fighter)            Turns: 1655, Time: 00:16:11

Health: -15/46     AC: 15    Str: 22    XL:     8   Next: 41%
Magic:  8/8        EV:  5    Int: 14    God:
Gold:   202        SH:  9    Dex:  9    Spells: 0 memorised, 7 levels left

rFire  . . .     SeeInvis .     A - +1 whip (flame)
rCold  . . .     Clarity  .     o - +0 chain mail
rNeg   + . .     SustAt   .     c - +0 shield
rPois  ∞         Gourm    .     (no helmet)
rElec  +         Spirit   .     (no cloak)
rCorr  .         Warding  .     h - +0 pair of gloves
rMut   .         Stasis   .     (no boots)
MR     .....                    (no amulet)
Stlth  ..........               (no ring)
                                (no ring)

@: brilliant, very slightly contaminated, hasted, very quick, not resistant to
hostile enchantments, extremely unstealthy
A: negative energy resistance 1, electricity resistance, unbreathing,
petrification resistance, rot immunity, AC +5
a: no special abilities


You were on level 6 of the Dungeon.
You were not hungry.

You visited 1 branch of the dungeon, and saw 7 of its levels.

You collected 202 gold pieces.

Inventory:

Hand Weapons
 d - a +1 flail of protection
 A - a +1 whip of flaming (weapon)
Missiles
 l - 19 sling bullets
 m - 30 stones (quivered)
Armour
 c - a +0 shield (worn)
 h - a +0 pair of gloves (worn)
 o - a +0 chain mail (worn)
Jewellery
 p - an uncursed amulet of stasis {Stasis, !d}
Wands
 y - a wand of polymorph (11)
 C - a wand of disintegration (9)
Scrolls
 g - 4 scrolls of identify {unknown}
 j - a scroll of immolation {unknown}
 r - 2 scrolls of enchant weapon {unknown}
 t - a scroll of holy word {unknown}
 u - 2 scrolls of teleportation {unknown}
 v - a scroll of torment {unknown}
 w - a scroll of fog {unknown}
 x - 2 scrolls of summoning {unknown}
 z - a scroll of recharging {unknown}
Potions
 f - a potion of curing
 i - a potion of degeneration {!q}
 q - 3 potions of heal wounds {unknown}
Comestibles
 e - 2 bread rations
 s - a slice of pizza


   Skills:
 - Level 3.2 Fighting
 * Level 10.0 Maces & Flails
 - Level 3.2 Armour
 - Level 3.2 Shields


You had 7 spell levels left.
You didn't know any spells.

Dungeon Overview and Level Annotations

Branches:
Dungeon (7/15)
 Temple: D:4-7

Altars:


Innate Abilities, Weirdness & Mutations

You are resistant to torment.
Your stone body is resilient (AC +5).
You are immune to poison.
You resist negative energy.
You are resistant to electric shocks.
You can survive without breathing.
You are immune to petrification.
You are immune to rotting.


Message History

Drink which item? (? for menu, Esc to quit)
It was a potion of brilliance.
You feel clever all of a sudden. You block the orc warrior's attack.
Drink which item? (? for menu, Esc to quit)
You feel yourself speed up.
You are very lightly contaminated with residual magic.
You hit the orc warrior but do no damage.
The orc warrior hits you with a glaive.
* * * LOW HITPOINT WARNING * * *
Unknown command.
You hit the orc warrior but do no damage.
You closely miss the orc warrior.
The orc warrior hits you but does no damage.
You hit the orc warrior. You burn the orc warrior.
Your chain mail prevents you from hitting the orc warrior.
You hit the orc warrior but do no damage.
You hit the orc warrior but do no damage.
The orc warrior hits you with a glaive!!
You die...

############
##..........# ##########
............###.........
........................#
....#..###..............#
....#.##.....(#..........
.........##.###.........#
............# #.........#
..........### #.@......#
###.#.###.#####.(o....##
# ....# #.....#.......#
.. .### #......#.(#####
.#.. ##.......(## .# #
#.......(## .. #.....(..#
.## #....<..## #......##


You could see an orc warrior.

Vanquished Creatures
  Pikel (D:5)
  Edmund (D:5)
  A wasp (D:4)
  A centaur (D:6)
  Ijyb (D:3)
  A hound (D:5)
  A jelly (D:6)
  2 orc wizards
  A centaur skeleton (D:6)
  2 iguanas
  A worker ant (D:5)
  Natasha (D:2)
  An orc priest (D:7)
  5 adders
  A shadow imp (D:5)
  2 oozes
  2 giant geckos (D:3)
  12 orcs
  3 bats
  3 giant cockroaches
  8 goblins
  3 hobgoblins
  5 jackals (D:3)
  4 quokkas
  A giant cockroach zombie (D:5)
  2 giant newts
  6 kobolds
  3 rats
75 creatures vanquished.

Vanquished Creatures (others)
  A slave (D:5)
  3 kobolds (D:5)
4 creatures vanquished.

Grand Total: 79 creatures vanquished

Notes
Turn   | Place    | Note
--------------------------------------------------------------
     0 | D:1      | Goblin1989 the Gargoyle Fighter began the quest for the Orb.
     0 | D:1      | Reached XP level 1. HP: 14/14 MP: 1/1
   193 | D:1      | Reached XP level 2. HP: 16/19 MP: 2/2
   248 | D:3      | Noticed Ijyb
   268 | D:3      | Reached XP level 3. HP: 13/23 MP: 3/3
   283 | D:3      | Reached skill level 4 in Maces & Flails
   290 | D:3      | Reached XP level 4. HP: 14/28 MP: 4/4
   381 | D:3      | Killed Ijyb
   427 | D:3      | Reached skill level 5 in Maces & Flails
   427 | D:3      | Reached XP level 5. HP: 11/32 MP: 5/5
   539 | D:2      | Noticed Natasha
   567 | D:2      | Killed Natasha
   693 | D:3      | Reached skill level 6 in Maces & Flails
   771 | D:4      | Reached XP level 6. HP: 37/37 MP: 6/6
   786 | D:5      | Entered Level 5 of the Dungeon
   917 | D:4      | Noticed an ogre
  1023 | D:4      | an ogre changed into a wasp
  1038 | D:4      | Reached skill level 7 in Maces & Flails
  1101 | D:5      | Noticed Pikel
  1136 | D:5      | Killed Pikel
  1136 | D:5      | Reached skill level 9 in Maces & Flails
  1136 | D:5      | Reached XP level 7. HP: 35/41 MP: 7/7
  1136 | D:5      | Reached XP level 8. HP: 39/46 MP: 8/8
  1214 | D:5      | Noticed Edmund
  1253 | D:5      | Killed Edmund
  1572 | D:7      | Reached skill level 10 in Maces & Flails
  1655 | D:6      | Demolished by an orc warrior

Action                   |  1- 3 |  4- 6 |  7- 9 || total
-------------------------+-------+-------+-------++-------
Melee: Flail             |    38 |   247 |       ||   285
       Whip              |       |       |   118 ||   118
Throw: Stone             |     1 |       |       ||     1
Evoke: Wand              |       |     1 |       ||     1
  Use: Potion            |       |     4 |     3 ||     7
       Scroll            |       |     1 |       ||     1
  Eat: Chunk             |       |     1 |     1 ||     2
       Beef jerky        |       |       |     1 ||     1
